[Event "Early-Titled-Tuesday-Blitz-March-05-2024"]
[Site "Chess.com"]
[Date "2024.03.05"]
[Round "1"]
[White "mertfelin"]
[Black "Susal_De_Silva"]
[Result "0-1"]
[WhiteElo "2355"]
[BlackElo "2655"]
[TimeControl "180+1"]
[EndTime "8:06:45 PST"]
[Termination "Susal_De_Silva won by resignation"]

1. e4 c6 2. Nc3 d5 3. Nf3 dxe4 4. Nxe4 Nf6 5. Qe2 Nxe4 6. Qxe4 Qd5 7. Qh4 Bf5 8. Bc4 Qd8 9. Bb3 e6 10. d4 Be7 11. Qg3 O-O 12. O-O Nd7 13. Rd1 Nf6 14. c3 a5 15. h3 a4 16. Bc4 Ra5 17. Ne5 Ne4 18. Qf3 Nd6 19. Bd3 Bxd3 20. Nxd3 Nf5 21. Bf4 Rd5 22. a3 b5 23. Be5 Qd7 24. Nf4 Nh4 25. Qg4 Ng6 26. Nxd5 Qxd5 27. Bg3 f5 28. Qe2 f4 29. Bh2 f3 30. gxf3 Nh4 31. Rd3 Rxf3 32. Rxf3 Nxf3+ 33. Kf1 Nxh2+ 34. Kg1 Nf3+ 35. Kf1 Ng5 36. f3 Nxf3 37. Rd1 Qf5 38. Qf2 Bh4 39. Qe3 Ng5+ 40. Ke2 Nxh3 41. Rf1 Qg4+ 42. Kd3 Nf2+ 43. Rxf2 Bxf2 44. Qxf2 Qf5+ 45. Qxf5 exf5 46. c4 Kf7 47. d5 bxc4+ 0-1

[Event "Early-Titled-Tuesday-Blitz-March-05-2024"]
[Site "Chess.com"]
[Date "2024.03.05"]
[Round "1"]
[White "TheMagician"]
[Black "Predator0608"]
[Result "0-1"]
[WhiteElo "2177"]
[BlackElo "2558"]
[TimeControl "180+1"]
[EndTime "8:06:45 PST"]
[Termination "Predator0608 won on time"]

1. d4 Nf6 2. Nf3 e6 3. Bg5 Be7 4. Nbd2 d5 5. e3 O-O 6. Bd3 c5 7. O-O Nc6 8. c3 cxd4 9. exd4 Ne8 10. Bxe7 Qxe7 11. Re1 h6 12. Rc1 Nd6 13. Bb1 b6 14. Qc2 g6 15. h4 h5 16. Ng5 Qf6 17. g3 Ba6 18. f4 Rac8 19. Qd1 Nf5 20. Kh2 Rc7 21.
Ndf3 b5 22. a3 Bc8 23. Ne5 a5 24. Bd3 Na7 25. Rc2 Bb7 26. Kh3 Rfc8 27. Rg2 b4 28.
axb4 axb4 29. g4 hxg4+ 30. Nxg4 Qh8 31. Bxf5 exf5 32. Ne5 bxc3 33. b4 c2 34. Qc1 Rc3+ 35. Rg3 Rxg3+ 36. Kxg3 Rc3+ 37. Ngf3 Qh5 0-1

[Event "Early-Titled-Tuesday-Blitz-March-05-2024"]
[Site "Chess.com"]
[Date "2024.03.05"]
[Round "1"]
[White "C_K_G"]
[Black "GameOverBro"]
[Result "0-1"]
[WhiteElo "2174"]
[BlackElo "2556"]
[TimeControl "180+1"]
[EndTime "8:06:45 PST"]
[Termination "GameOverBro won by resignation"]

1. e4 c5 2. Nf3 Nc6 3. d4 cxd4 4.
Nxd4 g6 5. Nc3 Bg7 6. Be3 Nf6 7.
Be2 O-O 8. f4 d5 9. e5 Ne8 10.
O-O Nxd4 11. Bxd4 Nc7 12. Bf3 e6 13. Kh1 b5 14. a3 a5 15. g4 b4 16. Na4 bxa3 17. Rxa3 Nb5 18. Ra1 Nxd4 19. Qxd4 Qh4 20. Nb6 Rb8 21. Rxa5 g5 22. f5 Bxe5 23. Qxe5 Rxb6 24.
f6 Rb4 25. Ra8 Qh6 26. b3 Rf4 27. Be2 Re4 28. Qg3 Rxe2 29. c4 dxc4 30. Rb8 c3 31. Qc7 Bd7 32. Rxf8+ Qxf8 33. Qxd7 Qa8+ 0-1

[Event "Early-Titled-Tuesday-Blitz-March-05-2024"]
[Site "Chess.com"]
[Date "2024.03.05"]
[Round "1"]
[White "VinzentSpitzl"]
[Black "chessamical"]
[Result "1-0"]
[WhiteElo "2542"]
[BlackElo "2097"]
[TimeControl "180+1"]
[EndTime "8:06:46 PST"]
[Termination "VinzentSpitzl won on time"]

1. e4 e6 2. d4 d5 3. Nd2 c5 4. exd5 Qxd5 5. Ngf3 cxd4 6. Bc4 Qd6 7. O-O Nf6 8. Nb3 Nc6 9. Nbxd4 Nxd4 10. Qxd4 Qxd4 11. Nxd4 a6 12. a4 Bd6 13. Be2 e5 14. Nb3 Bf5 15.
Na5 Rb8 16. Be3 O-O 17. Ba7 Ra8 18. Nxb7 Rxa7 19. Nxd6 Bxc2 20. Rfc1 Bb3 21. Ra3 Be6 22. b4 g6 23. g3 Rd8 24. Rc6 Nd5 25. b5 Nb4 26.
Rb6 Nd5 27. Rb7 Raa8 28. Ne4 axb5 29. Bxb5 1-0

[Event "Early-Titled-Tuesday-Blitz-March-05-2024"]
[Site "Chess.com"]
[Date "2024.03.05"]
[Round "1"]
[White "Aslanov_Umid"]
[Black "Supergiuly"]
[Result "0-1"]
[WhiteElo "2626"]
[BlackElo "2371"]
[TimeControl "180+1"]
[EndTime "8:06:47 PST"]
[Termination "Supergiuly won by resignation"]

1. e4 b6 2. d4 Bb7 3. Bd3 g6 4. Nf3 Bg7 5. c3 e6 6. O-O Ne7 7. Re1 O-O 8. Bg5 h6 9. Bh4 d5 10. e5 c5 11. Nbd2 Nbc6 12. Nf1 Qc7 13. Ne3 Rac8 14.
Ng4 g5 15. Bxg5 hxg5 16. Nf6+ Bxf6 17. exf6 Nf5 18. Nxg5 Qf4 19. Re3 Qxg5 20. Bxf5 Qxf5 21. Rg3+ Kh7 22. Qd2 Rg8 23. f3 Rg6 24. Kf2 cxd4 25. Rh3+ Kg8 26. g4 Rxg4 27. Rh5 Qxh5 28. fxg4 Qxh2+ 0-1

[Event "Early-Titled-Tuesday-Blitz-March-05-2024"]
[Site "Chess.com"]
[Date "2024.03.05"]
[Round "1"]
[White "NovozhilovSemen"]
[Black "yonaltimur"]
[Result "1-0"]
[WhiteElo "2639"]
[BlackElo "2343"]
[TimeControl "180+1"]
[EndTime "8:06:47 PST"]
[Termination "NovozhilovSemen won by resignation"]

1. d4 d5 2. c4 e6 3. Nf3 a6 4.
g3 dxc4 5. Bg2 b5 6. O-O Bb7 7. a4 Nf6 8. b3 cxb3 9. Qxb3 b4 10. a5 Be7 11. Bd2 Bd5 12. Qb2 Nbd7 13. Rc1 c5 14.
dxc5 Nxc5 15. Bxb4 Nb3 16. Bxe7 Qxe7 17. Nc3 Nxa1 18.
Nxd5 exd5 19. Nd4 O-O 20. Qxa1 Rfc8 21. Nc6 Qd6 22. Qa4 h6 23. h4 Ra7 24. Ne7+ Rxe7 25.
Rxc8+ Kh7 26. Qc2+ g6 27. Bf3 h5 28. Qc3 d4 29.
Qc6 Qe5 30. Qxa6 Kg7 31. Qb6 Nd5 32. Bxd5 Qxd5 33. Rd8 Qf5 34. Qxd4+ f6 35. Qd2 Qb5 36. e3 Ra7 37. Rd5 Qb1+ 38. Kh2 Qb7 39. Qd4 Qc7 1-0

[Event "Early-Titled-Tuesday-Blitz-March-05-2024"]
[Site "Chess.com"]
[Date "2024.03.05"]
[Round "1"]
[White "bylavochka"]
[Black "tetrix83"]
[Result "0-1"]
[WhiteElo "2294"]
[BlackElo "2608"]
[TimeControl "180+1"]
[EndTime "8:06:49 PST"]
[Termination "tetrix83 won by resignation"]

1. e4 c5 2. Nf3 d6 3. d4 cxd4 4. Nxd4 Nf6 5. Nc3 a6 6. f3 e6 7. Be3 Qc7 8. Qd2 b5 9. g4 Nfd7 10. h4 Nb6 11. a4 b4 12. Na2 d5 13. a5 Nc4 14. Bxc4 Qxc4 15. exd5 Qxd5 16. Nxb4 Qb7 17. Nd3 Bd6 18. O-O-O O-O 19. h5 Nd7 20. g5 Rb8 21. Nb3 Qc7 22. g6 Rxb3 23. h6 fxg6 24. hxg7 Rxf3 25. Rxh7 Kxh7 26. Rh1+ Kxg7 27. Bd4+ Nf6 28. Qh6+ Kf7 29. Bxf6 Bf4+ 30. Qxf4 Rxf4 31. Nxf4 Qxf4+ 32. Kb1 Kxf6 33. cxb3 0-1

[Event "Early-Titled-Tuesday-Blitz-March-05-2024"]
[Site "Chess.com"]
[Date "2024.03.05"]
[Round "1"]
[White "abelmat"]
[Black "santosalberto1987"]
[Result "0-1"]
[WhiteElo "2039"]
[BlackElo "2538"]
[TimeControl "180+1"]
[EndTime "8:06:50 PST"]
[Termination "santosalberto1987 won by resignation"]

1. d4 Nf6 2. c4 d6 3. Nf3 g6 4. g3 Bg7 5. Bg2 O-O 6. O-O Nc6 7. Nc3 a6 8. e4 Rb8 9. h3 b5 10. cxb5 axb5 11. e5 Nd7 12. e6 fxe6 13. Be3 Nf6 14. Rc1 Nb4 15. Ng5 h6 16. Nge4 Nbd5 17. Qd2 Kh7 18.
Ne2 Bb7 19. Nf4 Nxf4 20. Nxf6+ exf6 21. Bxb7 Nxh3+ 22. Kh2 Rxb7 23. Kxh3 e5 24. Rh1 h5 25. Kg2 Qd7 26. d5 f5 27. Bg5 e4 28. Rh4 Qf7 29. Rch1 b4 30. b3 Rb5 31. Rd1 Bc3 32. Qf4 Rxd5 33.
Rdh1 Kg8 34. Bh6 Re8 35. Qe3 Bd4 36. Qe2 e3 37. f4 Bg7 38. Bg5 Rd2 39. Qxd2 exd2 40.
Kf3 Qd5+ 0-1

[Event "Early-Titled-Tuesday-Blitz-March-05-2024"]
[Site "Chess.com"]
[Date "2024.03.05"]
[Round "1"]
[White "Kumi29"]
[Black "pr1105"]
[Result "0-1"]
[WhiteElo "2616"]
[BlackElo "2351"]
[TimeControl "180+1"]
[EndTime "8:06:51 PST"]
[Termination "pr1105 won by checkmate"]

1. d4 Nf6 2. Bg5 d5 3. Bxf6 gxf6 4. e3 c5 5. dxc5 e6 6. Nf3 Bxc5 7. Be2 Nc6 8. O-O Bd7 9. c4 dxc4 10. Qc2 Rc8 11.
Qxc4 Ne5 12. Nxe5 fxe5 13. Qg4 Qf6 14. Nc3 Bc6 15. Ne4 Bxe4 16. Qxe4 b6 17. Bb5+ Kf8 18. Rad1 h5 19. Rd7 Kg7 20. Rfd1 Rhd8 21. Rxd8 Rxd8 22. Rxd8 Qxd8 23. Qxe5+ Qf6 24. Qxh5 Qxb2 25. Qg5+ Kf8 26. h4 Qxb5 27. h5 Qb1+ 28. Kh2 Qf5 29. Qh6+ Ke7 30. f3 Qe5+ 31. f4 Qf6 32. Qxf6+ Kxf6 33. e4 a5 34. g4 a4 35. g5+ Kg7 36. Kg3 b5 37. f5 b4 38. f6+ Kh7 39. e5 b3 40.
axb3 axb3 41. Kg4 b2 42. h6 b1=Q 43. Kh4 Qe4+ 44. Kh5 Qf3+ 45. Kh4 Bf2# 0-1

[Event "Early-Titled-Tuesday-Blitz-March-05-2024"]
[Site "Chess.com"]
[Date "2024.03.05"]
[Round "1"]
[White "Martial2008"]
[Black "Pakarma"]
[Result "1-0"]
[WhiteElo "2659"]
[BlackElo "2361"]
[TimeControl "180+1"]
[EndTime "8:06:52 PST"]
[Termination "Martial2008 won by checkmate"]

1. d4 Nf6 2. Nf3 g6 3. Bg5 Bg7 4. Nbd2 d5 5. e3 O-O 6. Be2 c5 7. O-O cxd4 8. exd4 Bg4 9. c3 Nbd7 10. h3 Bxf3 11. Nxf3 Ne4 12. Bf4 e6 13. Bd3 Ndf6 14. Re1 Qb6 15. Qe2 Rac8 16. Be5 Rfd8 17. Nd2 Nxd2 18.
Qxd2 Ne8 19. h4 Bxe5 20. Rxe5 f6 21. Re2 Ng7 22. Rae1 Re8 23. g3 Rc7 24. Qf4 Rf7 25. Qe3 Qd6 26. f4 Nf5 27. Bxf5 gxf5 28. Kg2 Rg7 29. Qf3 Rg4 30. Qd3 a6 31. Kh3 Kf7 32. Re3 b5 33. a3 Qf8 34. Qe2 Qd6 35. Kh2 Qc6 36. Kh3 Qd6 37. Kh2 Qc6 38. Ra1 Reg8 39.
Qc2 Qd6 40. Rf1 Qf8 41. Rfe1 Qh6 42. Qf2 Re8 43. Kh3 Qh5 44. Qe2 Reg8 45. Rf3 Rxh4+ 46. gxh4 Qg4+ 47. Kh2 Qxh4+ 48. Rh3 Qxf4+ 49. Kh1 h6 50. Qxe6+ Kg6 51. Qxg8# 1-0

[Event "Early-Titled-Tuesday-Blitz-March-05-2024"]
[Site "Chess.com"]
[Date "2024.03.05"]
[Round "1"]
[White "arenal72"]
[Black "NCchamp"]
[Result "1-0"]
[WhiteElo "2622"]
[BlackElo "2322"]
[TimeControl "180+1"]
[EndTime "8:06:52 PST"]
[Termination "arenal72 won by checkmate"]

1. Nf3 d5 2. g3 c6 3. Bg2 Bg4 4. O-O e6 5. d3 Bd6 6. c4 dxc4 7. dxc4 Qe7 8. Nc3 Nd7 9. Be3 Ngf6 10. Qb3 Nc5 11. Qc2 Bf5 12. Qc1 h6 13. b4 Nce4 14. c5 Bc7 15. Nd4 Nxc3 16. Qxc3 Nd5 17. Bxd5 cxd5 18.
Nxf5 exf5 19. Rad1 Rd8 20. Bd4 f6 21. Qf3 Qe4 22.
Qh5+ Kf8 23. Rd3 Qg4 24. Qxg4 fxg4 25. Rfd1 Kf7 26. Bc3 Ke6 27. Re3+ Be5 28. f4 gxf3 29. exf3 Kf5 30. g4+ Kg6 31. Bxe5 fxe5 32. Rxe5 Rhf8 33. Kf2 Rf4 34. a3 a5 35. b5 Ra4 36. Rexd5 Rxd5 37. Rxd5 Rxa3 38. Rd6+ Kg5 39. Kg3 h5 40. h4# 1-0

[Event "Early-Titled-Tuesday-Blitz-March-05-2024"]
[Site "Chess.com"]
[Date "2024.03.05"]
[Round "1"]
[White "ritanovikova"]
[Black "SaqoChess_Twitch"]
[Result "0-1"]
[WhiteElo "2209"]
[BlackElo "2571"]
[TimeControl "180+1"]
[EndTime "8:06:52 PST"]
[Termination "SaqoChess_Twitch won by checkmate"]

1. e4 c5 2. Nc3 d6 3. d3 Nf6 4.
g3 e6 5. Bg2 Be7 6. Be3 O-O 7.
Nge2 d5 8. d4 cxd4 9. Nxd4 dxe4 10. Nxe4 Nxe4 11. Bxe4 Nd7 12. O-O Nf6 13. Bg2 a6 14. Qe2 e5 15. Nb3 Bg4 16. f3 Be6 17. Rad1 Qc7 18. h3 Rac8 19. c3 Bc4 20. Qf2 Bxf1 21.
Rxf1 Rfd8 22. Bb6 Qc4 23. Bxd8 Rxd8 24. Kh2 h5 25. h4 Qa4 26. Nc1 Qb5 27. b3 Bc5 28.
Qe1 e4 29. c4 Qd7 30. fxe4 Ng4+ 31. Kh1 Qd2 32. a3 Qxe1 33. Rxe1 Bxa3 34. Bf3 Rd2 35.
Ne2 Bb4 36. Rb1 Nf2+ 37. Kg2 Nxe4 38. Bxe4 Rxe2+ 39. Kf3 Rd2 40. Bd5 Bc5 41. Be4 g6 42. Rf1 b6 43. Bd5 Kg7 44. Ke4 f6 45. Ra1 a5 46. Bc6 Kf7 47. Kf3 f5 48. Kf4 Kf6 49.
Bf3 Rd3 50. Bd1 Bd6# 0-1

[Event "Early-Titled-Tuesday-Blitz-March-05-2024"]
[Site "Chess.com"]
[Date "2024.03.05"]
[Round "1"]
[White "ChempionBg"]
[Black "Incognito_Knight"]
[Result "0-1"]
[WhiteElo "2401"]
[BlackElo "2704"]
[TimeControl "180+1"]
[EndTime "8:06:53 PST"]
[Termination "Incognito_Knight won on time"]

1. d4 d5 2. c4 e6 3. Nf3 a6 4.
g3 dxc4 5. Bg2 b5 6. O-O Bb7 7. Nc3 Nf6 8. a4 b4 9. Nb1 a5 10. Nbd2 Bd5 11. Qc2 b3 12. Qd1 Nc6 13.
Ne5 Bxg2 14. Kxg2 Nxd4 15. Ndxc4 Qd5+ 16. f3 Nc2 17. Rb1 Bc5 18. e4 Qb7 19. Bg5 Rd8 20.
Qxd8+ Kxd8 21. Nxf7+ Ke8 22. Nxh8 Nxe4 23. Rbd1 Nxg5 24.
Ne5 Ne3+ 25. Kh1 Nxd1 26. Rxd1 Nxf3 27. Kg2 Nxe5+ 28. Kh3 Qf3 29. Rd2 Qf1+ 30. Kh4 Be7+ 0-1

[Event "Early-Titled-Tuesday-Blitz-March-05-2024"]
[Site "Chess.com"]
[Date "2024.03.05"]
[Round "1"]
[White "LileKoridze"]
[Black "francyIM"]
[Result "0-1"]
[WhiteElo "2436"]
[BlackElo "2774"]
[TimeControl "180+1"]
[EndTime "8:06:54 PST"]
[Termination "francyIM won by resignation"]

1. d4 Nf6 2. c4 b6 3. Nc3 Bb7 4. d5 e5 5. e4 Bc5 6. Be2 O-O 7. Nf3 Re8 8. O-O c6 9. h3 cxd5 10. cxd5 h6 11. a3 Bf8 12. Be3 a6 13. Na4 b5 14. Nb6 Nxe4 15. Nxa8 Bxa8 16. Rc1 d6 17. Ne1 Nf6 18. Nd3 Nxd5 19. Bd2 Nc6 20. Bg4 g6 21. Re1 h5 22. Be2 Nd4 23. Bc3 Nxe2+ 24. Rxe2 e4 25. Nb4 Nf4 26. Re1 Qg5 27. g3 Nxh3+ 28. Kh2 Nxf2 29.
Qd4 Ng4+ 30. Kg1 Ne5 31. Re3 Bg7 32. Qd2 Nf3+ 33. Rxf3 Qxd2 34. Bxd2 exf3 35. Bc3 Bh6 36. Re1 Rxe1+ 37. Bxe1 Bb7 38. Bf2 f5 39. Nc2 f4 40.
gxf4 Bxf4 41. b3 Kf7 42. Nd4 g5 43. a4 bxa4 44. bxa4 g4 45. Bh4 g3 0-1

[Event "Early-Titled-Tuesday-Blitz-March-05-2024"]
[Site "Chess.com"]
[Date "2024.03.05"]
[Round "1"]
[White "trriinu"]
[Black "Dinosaurio_1975"]
[Result "0-1"]
[WhiteElo "2247"]
[BlackElo "2583"]
[TimeControl "180+1"]
[EndTime "8:06:54 PST"]
[Termination "Dinosaurio_1975 won by resignation"]

1. e4 c6 2. Nc3 d5 3. Nf3 dxe4 4. Nxe4 Nf6 5. Qe2 Nxe4 6. Qxe4 Nd7 7. Bc4 Nf6 8. Ne5 e6 9. Qe2 b5 10. Bd3 Bd6 11.
b3 Qc7 12. Bb2 O-O 13. a4 a6 14. O-O Bb7 15. Rfe1 h6 16. h3 Rfd8 17. Ng4 Nxg4 18.
Qxg4 Bf8 19. Re3 Rd5 20. Rg3 Rg5 21. Qe4 Rf5 22. Qd4 Rg5 23. Rxg5 hxg5 24. Qe4 g6 25. Bf6 Qf4 26. Qxf4 gxf4 27. Be5 Bg7 28. Bxf4 Bxa1 0-1

[Event "Early-Titled-Tuesday-Blitz-March-05-2024"]
[Site "Chess.com"]
[Date "2024.03.05"]
[Round "1"]
[White "LiadCuba"]
[Black "evgchess5"]
[Result "0-1"]
[WhiteElo "2503"]
[BlackElo "2948"]
[TimeControl "180+1"]
[EndTime "8:06:55 PST"]
[Termination "evgchess5 won on time"]

1. d4 Nf6 2. c4 e6 3. Nc3 d5 4. Nf3 Bb4 5. Bg5 Nbd7 6. e3 c5 7.
a3 Bxc3+ 8. bxc3 Qa5 9. Bxf6 Nxf6 10. Qb3 O-O 11. Bd3 dxc4 12. Bxc4 cxd4 13. exd4 Bd7 14. O-O Rac8 15. Ne5 Rc7 16. Rfe1 Rfc8 17. Nxd7 Nxd7 18.
Bxe6 fxe6 19. Qxe6+ Kh8 20. Re3 Nf8 21. Qg4 Rxc3 22.
Rf1 Rc1 23. g3 Qd5 24. Ree1 Rxe1 25. Rxe1 Qd7 26. Qe4 Rd8 27. h4 Kg8 28. Rd1 Qd5 29.
Qf4 Ne6 30. Qe3 Nxd4 31. Rd3 Ne2+ 0-1

[Event "Early-Titled-Tuesday-Blitz-March-05-2024"]
[Site "Chess.com"]
[Date "2024.03.05"]
[Round "1"]
[White "Kiborg95"]
[Black "tusplingher"]
[Result "1-0"]
[WhiteElo "2797"]
[BlackElo "2448"]
[TimeControl "180+1"]
[EndTime "8:06:56 PST"]
[Termination "Kiborg95 won on time"]

1. e4 c5 2. Nc3 Nc6 3. Nge2 Nf6 4. g3 d6 5. Bg2 g6 6. O-O Bg7 7. f4 O-O 8. d3 Rb8 9. h3 Bd7 10. a4 a6 11. Be3 b5 12. axb5 axb5 13. Qd2 Ne8 14.
f5 Ne5 15. Bh6 e6 16. g4 gxf5 17. exf5 exf5 18. gxf5 Bxh6 19. Qxh6 Qf6 20. Qf4 Kh8 21. Ne4 Qg7 22. f6 Qg6 23. Kh2 Rg8 24. Rg1 Qf5 25.
Ra7 Rxg2+ 26. Rxg2 Nf3+ 27. Kg3 Qxh3+ 28. Kf2 Nh4 29.
Rh2 Ng6 30. Rxh3 Nxf4 31. Nxf4 Bxh3 32. Nxh3 d5 33. Nxc5 Nxf6 34. Rxf7 Ng4+ 35. Kg3 Ne5 36. Re7 Nc6 37. Rc7 Nd4 38. c3 Nf5+ 39. Kf4 Rf8 40. Ne6 1-0

[Event "Early-Titled-Tuesday-Blitz-March-05-2024"]
[Site "Chess.com"]
[Date "2024.03.05"]
[Round "1"]
[White "unagi64"]
[Black "HanSchut"]
[Result "1-0"]
[WhiteElo "2612"]
[BlackElo "2306"]
[TimeControl "180+1"]
[EndTime "8:06:56 PST"]
[Termination "unagi64 won by resignation"]

1. c4 Nf6 2. g3 g6 3. Bg2 d5 4. cxd5 Nxd5 5. Nc3 Nb6 6. d3 Bg7 7. Be3 O-O 8. Qd2 Re8 9. Bh6 Bh8 10. h4 c5 11. h5 c4 12. hxg6 fxg6 13. Bf4 cxd3 14.
Bxb8 Rxb8 15. Qh6 d2+ 16. Qxd2 Qxd2+ 17. Kxd2 Nc4+ 18. Kc2 Bf5+ 19. e4 Be6 20. Nge2 Rbc8 21.
Rad1 b5 22. Kb1 b4 23. Na4 Red8 24. Nf4 Bf7 25. Bh3 Rb8 26. Be6 Nd2+ 27. Ka1 Nxe4 28. Bxf7+ Kxf7 29. Rxh7+ Kg8 30. Rxd8+ Rxd8 31. Rh1 Nxf2 32.
Rf1 Rd2 33. Nxg6 Bf6 34. Nf4 Nd3 35. Nxd3 Rxd3 36. Kb1 Rxg3 37. Rf2 Kg7 38. Kc2 e5 39. Nc5 Rg4 40. Kb3 Rf4 41. Ne6+ 1-0

[Event "Early-Titled-Tuesday-Blitz-March-05-2024"]
[Site "Chess.com"]
[Date "2024.03.05"]
[Round "1"]
[White "deepfear"]
[Black "sakkikuska"]
[Result "0-1"]
[WhiteElo "1969"]
[BlackElo "2531"]
[TimeControl "180+1"]
[EndTime "8:06:56 PST"]
[Termination "sakkikuska won on time"]

1. e4 c5 2. Nc3 Nc6 3. f4 g6 4. Nf3 Bg7 5. Bc4 e6 6. f5 Nge7 7. fxe6 fxe6 8. d3 O-O 9. O-O d5 10. Bb5 Nd4 11. Ba4 a6 12. Bb3 b5 13. exd5 exd5 14. a4 Nxf3+ 15. Rxf3 c4 16. dxc4 bxc4 17.
Ba2 Bb7 18. Bg5 Rxf3 19. Qxf3 Qb6+ 20. Kh1 Qxb2 21. Rf1 Rf8 22. Bxe7 Rxf3 0-1

[Event "Early-Titled-Tuesday-Blitz-March-05-2024"]
[Site "Chess.com"]
[Date "2024.03.05"]
[Round "1"]
[White "LiamPutnam2008"]
[Black "N4700000"]
[Result "1/2-1/2"]
[WhiteElo "2912"]
[BlackElo "2499"]
[TimeControl "180+1"]
[EndTime "8:06:57 PST"]
[Termination "Game drawn by repetition"]

1. e4 c5 2. Nf3 d6 3. d4 cxd4 4. Nxd4 Nf6 5. Nc3 g6 6. Be3 Bg7 7. f3 O-O 8. Qd2 Nc6 9. O-O-O Bd7 10. g4 Ne5 11. Bh6 Bxh6 12. Qxh6 Rc8 13. h4 Rxc3 14. bxc3 Qa5 15. Kb2 Rc8 16. Qe3 Qb6+ 17. Ka1 Qa5 18.
Kb2 Qb6+ 19. Ka1 Qa5 20. h5 Rxc3 21. Qd2 Nxf3 22. Qc1 Ra3 23. Qb2 Nxd4 24. Rxd4 Qe1+ 25. Qb1 Qc3+ 26. Qb2 Qe1+ 27. Qb1 Qc3+ 28. Qb2 Qe1+ 1/2-1/2

[Event "Early-Titled-Tuesday-Blitz-March-05-2024"]
[Site "Chess.com"]
[Date "2024.03.05"]
[Round "1"]
[White "Kotlyar_K"]
[Black "Vse_po_kaify"]
[Result "0-1"]
[WhiteElo "2591"]
[BlackElo "2311"]
[TimeControl "180+1"]
[EndTime "8:06:58 PST"]
[Termination "Vse_po_kaify won by checkmate"]

1. e4 c5 2. Nf3 d6 3. d4 cxd4 4.
Nxd4 Nf6 5. Nc3 a6 6. Bd3 e5 7. Nde2 Be7 8. O-O b5 9. Ng3 Bb7 10. Nf5 Bf8 11. Bg5 h6 12. Bh4 g5 13. Bg3 b4 14. Nd5 Nxd5 15. exd5 Bxd5 16. Bb5+ Bc6 17.
Bxc6+ Nxc6 18. Qd5 Qd7 19. Rad1 Rd8 20. Rfe1 Qxf5 21.
Qxc6+ Qd7 22. Qxa6 Bg7 23. Bxe5 Bxe5 24. Rxe5+ dxe5 25. Rxd7 Kxd7 26. Qb7+ Ke6 27. g4 Rd4 28. h3 Rhd8 29.
Qc6+ R8d6 30. Qe8+ Kf6 31. Qxf7+ Kxf7 32. Kg2 Rd2 33. Kf3 Rxc2 34. Ke4 Rdd2 35. f4 exf4 36. Kf3 Rxb2 37. Ke4 Rxa2 38. h4 gxh4 39. g5 h5 40. Kf5 h3 41. g6+ Kg8 42. g7 h2 43.
Kg6 Rg2+ 44. Kh6 Rxg7 45. Kxh5 h1=Q# 0-1

[Event "Early-Titled-Tuesday-Blitz-March-05-2024"]
[Site "Chess.com"]
[Date "2024.03.05"]
[Round "1"]
[White "Eagle_2019"]
[Black "Misterfox120"]
[Result "1-0"]
[WhiteElo "2866"]
[BlackElo "2473"]
[TimeControl "180+1"]
[EndTime "8:07:00 PST"]
[Termination "Eagle_2019 won by resignation"]

1. Nf3 c5 2. c4 Nc6 3. Nc3 e5 4. e3 Nf6 5. d4 e4 6. d5 exf3 7. dxc6 dxc6 8. Qxd8+ Kxd8 9. gxf3 g6 10. b3 Bg7 11. Bb2 Bf5 12. O-O-O+ Kc7 13. Be2 Rhd8 14.
Na4 b6 15. Be5+ Kb7 16. Nc3 Nh5 17. Bxg7 Nxg7 18. f4 h5 19. Bf3 Kc7 20. Ne4 Bxe4 21. Bxe4 Rxd1+ 22. Rxd1 Rd8 23. Rxd8 Kxd8 24. Bxc6 Ke7 25.
Kd2 Kf6 26. Bd5 Ne8 27. e4 Ke7 28. Ke3 Nd6 29. Kf3 f6 30. Kg3 Ne8 31. Kh4 Ng7 32. Bg8 Kf8 33. Bh7 Kf7 34. f5 g5+ 35. Kg3 Ke7 36. f4 Kd6 37. e5+ fxe5 38. fxg5 e4 39. f6 Ne6 40. g6 Ke5 41. g7 1-0

[Event "Early-Titled-Tuesday-Blitz-March-05-2024"]
[Site "Chess.com"]
[Date "2024.03.05"]
[Round "1"]
[White "alexrustemov"]
[Black "koncheto"]
[Result "0-1"]
[WhiteElo "2807"]
[BlackElo "2476"]
[TimeControl "180+1"]
[EndTime "8:07:00 PST"]
[Termination "koncheto won on time"]

1. d4 Nf6 2. c4 e6 3. Nf3 c5 4. d5 exd5 5. cxd5 d6 6. Nc3 g6 7. h3 Bg7 8. e4 O-O 9. Bd3 Re8 10.
O-O c4 11. Bxc4 Nxe4 12. Nxe4 Rxe4 13. Bg5 Qa5 14. Qc2 Re8 15. Rae1 Bd7 16. Rxe8+ Bxe8 17. Re1 Na6 18. Qe2 Nc7 19. Bf4 Bb5 20. Bxd6 Re8 21.
Be5 Bxe5 22. Nxe5 Bxc4 23. Qd1 Qxd5 24. Nxc4 Rxe1+ 25. Qxe1 Qxc4 26. b3 Qc5 27. Qe4 b5 28. g3 Ne6 29. h4 h5 30. Kg2 Nd4 31. Qa8+ Kg7 32. Qd8 Qc6+ 33. Kg1 Nf3+ 34. Kf1 Qc1+ 35. Ke2 Ng1+ 36. Kd3 Qd1+ 0-1

[Event "Early-Titled-Tuesday-Blitz-March-05-2024"]
[Site "Chess.com"]
[Date "2024.03.05"]
[Round "1"]
[White "ikhasu"]
[Black "ChessSwole"]
[Result "1-0"]
[WhiteElo "2437"]
[BlackElo "2697"]
[TimeControl "180+1"]
[EndTime "8:07:01 PST"]
[Termination "ikhasu won by resignation"]

1. d4 Nf6 2. Nf3 g6 3. b3 Bg7 4. Bb2 O-O 5. Nbd2 c5 6. e3 b6 7. Bd3 Bb7 8. O-O d6 9. Qe2 Nbd7 10. Rad1 Re8 11. c4 cxd4 12. exd4 d5 13. Rfe1 e6 14. Ne5 Nh5 15. Qf3 Rb8 16. Qxf7+ Kh8 17. Qxd7 Qf6 18. Ndf3 Re7 19. Qd6 Rc8 20. Bc1 Qf8 21. Bg5 Bf6 22. Bxg6 Ng7 23. Bxf6 Qxf6 24. Nd7 Qxg6 25. Qxe7 dxc4 26. Nde5 Qf5 27. Qxb7 Rf8 28. bxc4 Nh5 29. Qe4 Qf6 30. d5 exd5 31. cxd5 Nf4 32. g3 Rg8 33. d6 Qh6 34. Nf7+ 1-0

[Event "Early-Titled-Tuesday-Blitz-March-05-2024"]
[Site "Chess.com"]
[Date "2024.03.05"]
[Round "1"]
[White "shirovin"]
[Black "ivanquiroga"]
[Result "0-1"]
[WhiteElo "2062"]
[BlackElo "2539"]
[TimeControl "180+1"]
[EndTime "8:07:01 PST"]
[Termination "ivanquiroga won on time"]

1. e4 e5 2. Nf3 Nc6 3. Bb5 a6 4.
Ba4 Nf6 5. O-O d6 6. Re1 Bd7 7.
c3 g6 8. d4 Bg7 9. Bg5 O-O 10.
Nbd2 h6 11. Bh4 b5 12. Bc2 g5 13. Bg3 exd4 14. cxd4 Nh5 15. d5 Ne7 16. Rb1 Nxg3 17.
hxg3 Ng6 18. Nf1 g4 19. N3d2 Qg5 20. Ne3 h5 21. Nf5 Ne7 22. Nxe7+ Qxe7 23. Nf1 h4 24. Qd3 Be5 25. gxh4 Qxh4 26. g3 Qh5 27. Ne3 Kg7 28.
Kf1 Qh1+ 29. Ke2 Qf3+ 30. Kd2 Rh8 31. Rf1 Rh2 32. Qe2 c5 33. Qxf3 gxf3 34. Nf5+ Bxf5 35. exf5 Bxg3 36. Ke3 Be5 37. Kxf3 Rah8 38. Rg1+ Kf6 39.
Rg2 R8h3+ 40. Rg3 Bxg3 41. fxg3 Rxc2 42. Kg4 Rhh2 43. b3 Rxa2 0-1

[Event "Early-Titled-Tuesday-Blitz-March-05-2024"]
[Site "Chess.com"]
[Date "2024.03.05"]
[Round "1"]
[White "MdChess1734"]
[Black "littlepinkyboy"]
[Result "0-1"]
[WhiteElo "2390"]
[BlackElo "2692"]
[TimeControl "180+1"]
[EndTime "8:07:03 PST"]
[Termination "littlepinkyboy won on time"]

1. e4 c5 2. Nf3 e6 3. d4 cxd4 4. Nxd4 Nc6 5. Nxc6 bxc6 6. Bd3 d5 7. c4 Nf6 8. Nc3 Bb4 9. cxd5 exd5 10. exd5 Nxd5 11.
O-O Nxc3 12. Qe1+ Be6 13. bxc3 Be7 14. Be4 O-O 15. Qe2 Bf6 16. Be3 Rc8 17. Rac1 Qa5 18.
Rc2 Rfe8 19. Qf3 Bd5 20. Bxd5 cxd5 21. Rfc1 d4 22. Bd2 dxc3 23. Be3 Qa4 24. h3 Rb8 25. g4 Rb2 26. Qf5 Qxa2 27. g5 Rxc2 28. Rxc2 Qb1+ 29. Kg2 Be5 30. Qd7 Rf8 31. Qd3 Qb7+ 32. f3 a5 33. Qf5 f6 0-1

[Event "Early-Titled-Tuesday-Blitz-March-05-2024"]
[Site "Chess.com"]
[Date "2024.03.05"]
[Round "1"]
[White "KnightmareJoker"]
[Black "Keeper0416"]
[Result "0-1"]
[WhiteElo "2218"]
[BlackElo "2575"]
[TimeControl "180+1"]
[EndTime "8:07:03 PST"]
[Termination "Keeper0416 won by resignation"]

1. e4 e5 2. Nf3 Nc6 3. d4 d6 4. d5 Nce7 5. c4 g6 6. Nc3 Bg7 7. Be2 f5 8. O-O Nf6 9. Qc2 O-O 10. Bg5 h6 11. Be3 f4 12. Bd2 g5 13.
Ne1 g4 14. f3 g3 15. h3 Ng6 16. Nd3 Nh7 17. Rfd1 Qh4 18. Bf1 Ng5 19. Ne1 Rf7 20.
Bc1 Bf8 21. b4 Rg7 22. Rd2 a5 23. b5 b6 24. c5 dxc5 25. Bb2 Bd6 26. Na4 Qh5 27.
Bc3 Nh4 28. Rd3 Bd7 29. Rb1 c4 30. Rd2 Bxh3 31. gxh3 Nhxf3+ 32. Nxf3 Nxf3+ 33. Kh1 Nxd2 34. Qxd2 f3 35. Bg2 Rf8 36. Rg1 fxg2+ 37. Rxg2 Rf1+ 38. Rg1 Qxh3+ 0-1